 Dungeon Crawl Stone Soup version 0.30-a0-568-g124715a40b (webtiles) character file.

Game seed: 2697299680598675830

1232 brightshaft the Skirmisher (level 8, -12/66 HPs)
             Began as a Demigod Hunter on Dec 29, 2022.
             Shot with an arrow by a centaur (14 damage)
             ... on level 6 of the Dungeon.
             The game lasted 00:13:22 (5939 turns).

brightshaft the Skirmisher (Demigod Hunter)         Turns: 5939, Time: 00:13:22

Health: -12/66     AC:  5    Str: 12    XL:     8   Next: 3%
Magic:  10/10      EV: 14    Int: 11    God:
Gold:   420        SH:  0    Dex: 25    Spells: 7/7 levels left

rFire   . . .      SeeInvis .    a - +0 shortbow
rCold   . . .      Faith    .    (shield currently unavailable)
rNeg    . . .      Spirit   .    c - +0 leather armour
rPois   .          Reflect  .    k - +0 helmet
rElec   .          Harm     .    u - +0 cloak
rCorr   .          Rampage  .    (no gloves)
Will    .....                    (no boots)
Stlth   ++                       (no amulet)
HPRegen 0.31/turn                (no ring)
MPRegen 0.12/turn                (no ring)

@: no status effects
A: high MP 1, forlorn, divine attributes
a: no special abilities


You were on level 6 of the Dungeon.
You visited 1 branch of the dungeon, and saw 6 of its levels.

You collected 420 gold pieces.

Inventory:

Hand Weapons
 a - a +0 shortbow (weapon)
Missiles
 h - 3 silver javelins
 o - 2 poisoned darts
Armour
 c - a +0 leather armour (worn)
 k - a +0 helmet (worn)
 l - a +0 ring mail
 q - a +0 scale mail
 u - a +0 cloak (worn)
Jewellery
 x - a +4 ring of protection
Wands
 d - a wand of light (18)
 w - a wand of charming (5)
Scrolls
 b - a scroll of immolation
 e - 2 scrolls of vulnerability
 g - 3 scrolls of magic mapping
 m - 2 scrolls of teleportation {@r4}
 n - a scroll of silence
 p - a scroll of poison
 t - a scroll of brand weapon {unknown}
 v - 2 scrolls of identify {@r1}
Potions
 f - a potion of heal wounds {@q2}
 i - a potion of curing {@q1}
 j - a potion of mutation
 r - 2 potions of might {unknown}
 s - 2 potions of ambrosia {unknown}
 z - 2 potions of attraction {unknown}


   Skills:
 * Level 4.0 Fighting
 - Level 8.0 Ranged Weapons
 + Level 2.2 Armour
 * Level 3.9 Dodging
 - Level 0.8 Stealth


You had 7 spell levels left.
You didn't know any spells.
Your spell library contained the following spells:

 Spells                   Type           Power      Damage    Failure   Level
 Cigotuvi's Dreadful Rot  Necr/Pois/Air  0%         N/A       56%         2
 Poisonous Vapours        Pois/Air       0%         N/A       56%         2
 Mephitic Cloud           Conj/Pois/Air  0%         N/A       80%         3
 Dispel Undead            Necr           0%         3d6       99%         4
 Death Channel            Necr           0%         N/A       100%        6


Dungeon Overview and Level Annotations

Branches:
Dungeon (6/15)             Temple (0/1) D:4


Innate Abilities, Weirdness & Mutations

You have an increased reservoir of magic. (+10% MP)
You shall have no god before yourself.
Your divine heritage dramatically boosts your attributes as you level up.


Message History

The ufetubus shouts!
The arrow hits the bullfrog!
The bullfrog is severely wounded.
The bullfrog closely misses you.
You shoot an arrow. The arrow barely misses the bullfrog.
The bullfrog closely misses you. The bullfrog hits you.
You shoot an arrow. The arrow closely misses the bullfrog.
The centaur shoots an arrow.
The arrow hits you! The bullfrog closely misses you.
The centaur shoots an arrow.
The arrow hits you!
You are too injured to fight recklessly!
You are too injured to fight recklessly!
You are too injured to fight recklessly!
You are too injured to fight recklessly!
The bullfrog hits you! The bullfrog attacks as you move away!
The bullfrog hits you. The bullfrog hits you.
Fire: a) +0 shortbow
Press: ? - help, Q - select action, (/) - cycle Shift-Dir - straight line, f/p - bullfrog
Aim: a bullfrog (severely wounded, 63% to hit)
You shoot an arrow. The arrow hits the bullfrog!
You kill the bullfrog!
The centaur unwields a +0 shortbow.
The centaur hits you but does no damage.
The centaur kicks you.
Your Fighting skill increases to level 4!
You have reached level 8!
The centaur wields a +0 shortbow.
The centaur shoots an arrow.
The arrow barely misses you.
The centaur shoots an arrow.
The arrow misses you.
The centaur shoots an arrow.
The arrow hits you!
* * * LOW HITPOINT WARNING * * *
The centaur shoots an arrow.
The arrow hits you!
* * * LOW HITPOINT WARNING * * *
The centaur shoots an arrow.
The arrow hits you.
* * * LOW HITPOINT WARNING * * *
The centaur shoots an arrow.
The arrow misses you.
The centaur shoots an arrow.
The arrow barely misses you.
The centaur shoots an arrow.
The arrow hits you!
You die...

# #### .# ..# #.
#.# ##. ## #|# #.#
.# ##?#####.# .#
#.<...)@.###.#
#..######...#
#..########.####
.............c5.#
####.#.######.##.#
#.# #.##.# #.#
#.##5...# #..
#.##..#.....
#<..... #.#.


You could see a centaur and an ufetubus.

Vanquished Creatures
  Eustachio (D:5)
  A black bear (D:3)
  An ice beast (D:5)
  A phantom (D:4)
  A bullfrog (D:6)
  A necrophage (D:5)
  A scorpion (D:5)
  2 hounds
  Crazy Yiuf (D:4)
  3 jellies
  Ijyb (D:5)
  3 iguanas (D:5)
  6 orc wizards
  9 adders
  A shadow imp (D:5)
  4 white imps
  2 worms
  2 dart slugs (D:1)
  21 orcs
  7 ball pythons
  5 endoplasms
  5 giant cockroaches
  7 goblins
  9 hobgoblins
  7 kobolds
  2 quokkas
  A bat (D:1)
  4 frilled lizards
  4 rats
113 creatures vanquished.

Notes
Turn   | Place    | Note
-------+----------+-------------------------------------------
     0 | D:1      | brightshaft the Demigod Hunter began the quest for the Orb.
     0 | D:1      | Reached XP level 1. HP: 17/17 MP: 3/3
   144 | D:1      | Reached skill level 4 in Ranged Weapons
   281 | D:1      | Reached XP level 2. HP: 24/24 MP: 4/4
  1082 | D:2      | Identified the +5 quarterstaff of Peeclih {flame, Dex+3}
  1333 | D:2      | Reached XP level 3. HP: 29/29 MP: 5/5
  1481 | D:3      | Noticed a black bear
  1490 | D:2      | Reached skill level 5 in Ranged Weapons
  1576 | D:2      | Reached XP level 4. HP: 25/36 MP: 6/6
  1647 | D:3      | Killed a black bear
  1648 | D:3      | Reached skill level 6 in Ranged Weapons
  1648 | D:3      | Reached XP level 5. HP: 21/41 MP: 7/7
  2861 | D:4      | Found a runed translucent door.
  2862 | D:4      | Noticed Crazy Yiuf
  3326 | D:4      | Reached skill level 7 in Ranged Weapons
  3326 | D:4      | Reached XP level 6. HP: 36/48 MP: 8/8
  3790 | D:4      | Found a staircase to the Ecumenical Temple.
  4025 | D:4      | HP: 2/48 [Crazy Yiuf/+2 quarterstaff of chaos (15)]
  4036 | D:4      | Killed Crazy Yiuf
  4206 | D:5      | Entered Level 5 of the Dungeon
  4316 | D:5      | Noticed Eustachio
  4332 | D:5      | Killed Eustachio
  4333 | D:5      | Reached skill level 8 in Ranged Weapons
  4333 | D:5      | Reached XP level 7. HP: 39/55 MP: 9/9
  4522 | D:5      | Identified the +6 plate armour of Kikubaaqudgha's Pride
                  | {rC- MP+9 Dex+7}
  4751 | D:5      | Reached skill level 1 in Armour
  4942 | D:5      | Noticed Ijyb
  4985 | D:5      | Killed Ijyb
  5759 | D:6      | Noticed a troll
  5934 | D:6      | Reached XP level 8. HP: 22/66 MP: 10/10
  5937 | D:6      | HP: 1/66 [centaur/arrow (5)]
  5939 | D:6      | Shot with an arrow by a centaur

Illustrated notes

Levels and vault maps discovered:
D:1:      dpeg_arrival_three_same_balls, layout_basic
D:2:      layout_loops_ring
D:3:      layout_basic, mainiacjoe_overflow_small_starburst,
          mainiacjoe_overflow_24_doors
D:4:      layout_basic, nicolae_gozag_seed_capital, lemuel_temple_firewalk_b,
          uniq_crazy_yiuf_cottage
D:5:      layout_basic, nicolae_overflow_crystal_walls, tso_metal_star,
          serial_rivers, chequers_serial_rivers_small_b,
          chequers_serial_rivers_micro_b, chequers_serial_rivers_micro_a,
          chequers_serial_rivers_room_a, chequers_serial_rivers_micro_b,
          chequers_serial_rivers_large_a, minmay_diced_spiral, uniq_eustachio,
          uniq_ijyb
D:6:      layout_loops_ring, st_stairs_8, minmay_microvault

Skill      XL: |  1  2  3  4  5  6  7 |
---------------+----------------------+-----
Ranged Weapons | 4 5 6 7 8 |  8.0
Fighting       | 2 4 |  4.0
Dodging        | 2 3 |  3.9
Armour         | 2 |  2.2
Stealth        | |  0.8

Action                   |  1- 3 |  4- 6 |  7- 9 || total
-------------------------+-------+-------+-------++-------
 Fire: Shortbow          |    78 |   154 |   184 ||   416
  Use: Scroll            |     8 |     3 |     3 ||    14
       Potion            |       |     2 |       ||     2
Armor: Leather armour    |     6 |    15 |    45 ||    66
Dodge: Dodged            |    17 |    31 |   115 ||   163

Table legend: (Time is in decaauts)
 A = Elapsed time spent in this place.
 B = Non-inter-level travel time spent in this place.
 C = Inter-level travel time spent in this place.
 D = Time resting spent in this place.
 E = Time spent auto-exploring this place.
 F = Levels seen in this place.
 G = Mean time per level.
                   A        B        C        D        E       F      G
               +--------+--------+--------+--------+--------+-----+--------+
         Total |   6014 |   5794 |    220 |      0 |   4870 |   6 | 1002.3 |
       Dungeon |   6014 |   5794 |    220 |      0 |   4870 |   6 | 1002.3 |
               +--------+--------+--------+--------+--------+-----+--------+

Top non-repeatable levels by time:
     D:5: 1676 daAuts
     D:4: 1493 daAuts
     D:3: 1141 daAuts
     D:2: 869 daAuts
     D:1: 741 daAuts
     D:6: 92 daAuts
